 Dungeon Crawl Stone Soup version 0.28-a0-1594-ga885d4b3d6 (webtiles) character file.

Game seed: 8165366663014223238

5654 blank1 the Basher (level 10, -3/97 HPs)
             Began as a Minotaur Fighter on Jan 21, 2022.
             Was a High Priest of Okawaru.
             Slain by a boulder beetle (16 damage)
             ... on level 8 of the Dungeon.
             The game lasted 00:16:56 (6778 turns).

blank1 the Basher (Minotaur Fighter)                Turns: 6778, Time: 00:16:56

Health: -3/97      AC: 18    Str: 28    XL:     10   Next: 46%
Magic:  11/11      EV:  9    Int:  5    God:    Okawaru [*****.]
Gold:   457        SH:  5    Dex: 13    Spells: 9/9 levels left

rFire   + . .      SeeInvis .   x - +1 demon whip
rCold   . . .      Faith    .   c - +0 buckler
rNeg    . . .      Spirit   .   s - +0 plate armour
rPois   +          Reflect  .   (helmet restricted)
rElec   .          Harm     .   u - +1 cloak {rPois}
rCorr   .          Rampage  .   w - +1 pair of gloves
Will    .....                   l - +0 pair of boots
Stlth   ..........              n - amulet of regeneration
HPRegen 1.06/turn               o - ring of protection from fire
MPRegen 0.12/turn               q - +6 ring of strength

@: no status effects
A: horns 2, retaliatory headbutt
a: Renounce Religion, Heroism, Finesse, Duel


You were on level 8 of the Dungeon.
You worshipped Okawaru.
Okawaru was extremely pleased with you.
You visited 1 branch of the dungeon, and saw 9 of its levels.
You also visited: Sewer.

You collected 512 gold pieces.
You spent 55 gold pieces at shops.

Inventory:

Hand Weapons
 x - a +1 demon whip (weapon)
Armour
 c - a +0 buckler (worn)
 l - a +0 pair of boots (worn)
 s - a +0 plate armour (worn)
 u - a +1 cloak of poison resistance (worn)
 w - a +1 pair of gloves (worn)
Jewellery
 n - an amulet of regeneration (around neck)
 o - a ring of protection from fire (left hand)
 q - a +6 ring of strength (right hand)
Wands
 b - a wand of iceblast (7)
 k - a wand of acid (10)
Scrolls
 e - 2 scrolls of amnesia
 f - 2 scrolls of enchant armour
 h - a scroll of magic mapping
 j - 2 scrolls of identify
 m - 2 scrolls of teleportation
 p - a scroll of vulnerability
Potions
 a - a potion of brilliance
 d - 5 potions of might
 g - 3 potions of resistance
 i - 7 potions of curing
 r - a potion of heal wounds
 t - a potion of flight
 v - 2 potions of mutation


   Skills:
 - Level 12.0 Fighting
 - Level 12.0 Maces & Flails
 + Level 6.6 Armour
 + Level 4.7 Dodging
 - Level 4.0 Shields
 + Level 3.7 Invocations


You had 9 spell levels left.
You didn't know any spells.
Your spell library contained the following spells:

 Spells                   Type           Power      Damage    Failure   Level
 Pain                     Necr           0%         1d4       100%        1
 Sandblast                Erth           0%         2d4       100%        1
 Corpse Rot               Necr/Air       0%         N/A       100%        2
 Passwall                 Tmut/Erth      0%         N/A       100%        2
 Sublimation of Blood     Necr           0%         N/A       100%        2
 Wereblood                Tmut           0%         N/A       100%        2
 Stone Arrow              Conj/Erth      0%         3d7       100%        3
 Vampiric Draining        Necr           0%         2d6       100%        3
 Dispel Undead            Necr           0%         3d6       100%        4
 Leda's Liquefaction      Hex/Erth       0%         N/A       100%        4
 Olgreb's Toxic Radiance  Pois           0%         N/A       100%        4
 Lee's Rapid Deconstruct  Erth           0%         3d5*      100%        5
 Statue Form              Tmut/Erth      0%         N/A       100%        6
 Ozocubu's Refrigeration  Ice            0%         4d5       100%        7
 Ignition                 Fire           0%         3d3       100%        8
 Animate Skeleton         Necr           Unusable   N/A       N/A         1
 Death Channel            Necr           Unusable   N/A       N/A         6
 Summon Hydra             Summ           Unusable   N/A       N/A         7

Dungeon Overview and Level Annotations

Branches:
Dungeon (9/15)             Temple (0/1) D:5            Lair (0/6) D:8
  Sewer (visited)
    Orc: D:9-12

Altars:
Nemelex Xobeh
Okawaru

Shops:
D:6 **


Innate Abilities, Weirdness & Mutations

You have a pair of horns on your head.
You reflexively headbutt those who attack you in melee.


Message History

You whack the boulder beetle!
The boulder beetle is heavily wounded.
You hit the boulder beetle but do no damage.
The boulder beetle is heavily wounded.
The boulder beetle closely misses you. You furiously retaliate!
You headbutt the boulder beetle, but do no damage.
You hit the boulder beetle.
The boulder beetle is severely wounded.
You hit the boulder beetle but do no damage.
The boulder beetle is severely wounded.
The boulder beetle bites you!!
You are too injured to fight recklessly!
You are too injured to fight recklessly!
You are too injured to fight recklessly!
You are too injured to fight recklessly!
You are too injured to fight recklessly!
You are too injured to fight recklessly!
You barely miss the boulder beetle.
The boulder beetle is severely wounded.
You hit the boulder beetle but do no damage.
You headbutt the boulder beetle, but do no damage.
The boulder beetle is severely wounded.
You block the boulder beetle's attack.
You hit the boulder beetle but do no damage.
The boulder beetle is severely wounded.
The boulder beetle bites you!
* * * LOW HITPOINT WARNING * * *
You whack the boulder beetle!
The boulder beetle is severely wounded.
You whack the boulder beetle!
You headbutt the boulder beetle, but do no damage.
The boulder beetle is almost dead.
The boulder beetle bites you!
* * * LOW HITPOINT WARNING * * *
You completely miss the boulder beetle. You headbutt the boulder beetle!
The boulder beetle is almost dead.
You hit the boulder beetle but do no damage.
The boulder beetle is almost dead.
The boulder beetle bites you!
You die...

#....# #.# #.# #####. #...[#
#.#########.###.....
###....#######.........#..#####.#
..#....#.......#.#####.#.........
..#....#.......#.#####..#########
..#....#............##...........
..#....#.........##.##.########..
###...(#######.B.##.##.# #......
#....# ###@......# #.###.. #....#
####.#######.# #.. #....#
#..<....##.# #.. #....#
#####....)...#.# #..
###....#######........##..#.# #..
.......##........#..#.##..#.###..
.##....##........#.....#.........
.####..##...########...########..
.......##...# #...# #..


You could see a boulder beetle.

Vanquished Creatures
  Erica (D:8)
  A two-headed ogre (D:9)
  Maurice (D:8)
  A troll (D:9)
  Menkaure (D:7)
  Edmund (D:6)
  An acid dragon (D:8)
  2 water moccasins
  Pargi (Sewer)
  5 ice beasts
  2 sky beasts (D:6)
  A hornet zombie (D:8)
  An orc warrior (D:7)
  3 necrophages
  2 ogres
  A centaur (D:8)
  4 kobold brigands
  2 phantoms
  A bullfrog (D:8)
  2 scorpions
  A water moccasin skeleton (D:6)
  3 killer bees (D:8)
  4 wights (D:7)
  A howler monkey (D:9)
  3 centaur zombies
  2 centaur skeletons
  2 orc priests
  2 hounds
  5 jellies
  A gnoll shaman (D:8)
  A bullfrog skeleton (D:5)
  3 iguanas (D:5)
  Terence (D:2)
  3 orc wizards
  A hound skeleton (D:4)
  Robin (D:3)
  14 gnolls
  A howler monkey skeleton (D:7)
  5 adders
  A white imp (D:6)
  2 adder skeletons
  2 worms (D:6)
  19 orcs
  3 bats
  4 endoplasms
  6 giant cockroaches
  16 goblins
  9 hobgoblins
  6 jackals
  24 kobolds
  2 quokkas
  9 ball pythons
  5 frilled lizards
  7 rats
203 creatures vanquished.

Vanquished Creatures (others)
  A fungus (D:3)
  A plant (D:3)
2 creatures vanquished.

Grand Total: 205 creatures vanquished

Notes
Turn   | Place    | Note
-------+----------+-------------------------------------------
     0 | D:1      | blank1 the Minotaur Fighter began the quest for the Orb.
     0 | D:1      | Reached XP level 1. HP: 19/19 MP: 0/0
   242 | D:1      | Reached XP level 2. HP: 26/27 MP: 1/1
   461 | D:1      | Reached skill level 1 in Dodging
   704 | D:1      | Reached XP level 3. HP: 19/33 MP: 2/2
  1078 | D:2      | Noticed Terence
  1130 | D:2      | Reached XP level 4. HP: 38/40 MP: 3/3
  1252 | D:2      | Killed Terence
  1525 | D:2      | Found a sparkling altar of Nemelex Xobeh.
  1809 | D:3      | Reached XP level 5. HP: 45/46 MP: 4/4
  2096 | D:3      | Noticed Robin
  2104 | D:3      | Killed Robin
  2186 | D:3      | Found a faded altar of an unknown god.
  2415 | D:4      | Noticed an ice beast
  2433 | D:4      | Killed an ice beast
  2434 | D:4      | Reached skill level 5 in Fighting
  2434 | D:4      | Reached skill level 5 in Maces & Flails
  2434 | D:4      | Reached XP level 6. HP: 41/56 MP: 5/5
  2730 | D:4      | Found an iron altar of Okawaru.
  2744 | D:4      | Became a worshipper of Warmaster Okawaru
  2957 | D:5      | Entered Level 5 of the Dungeon
  2960 | D:5      | Reached XP level 7. HP: 63/63 MP: 6/6
  2977 | D:5      | Reached skill level 1 in Invocations
  3101 | D:5      | Reached * piety under Okawaru
  3149 | D:5      | Reached XP level 8. HP: 73/73 MP: 9/9
  3480 | D:5      | Found a staircase to the Ecumenical Temple.
  3574 | D:6      | Found Fily's Elemental Accessories.
  3575 | D:6      | Noticed Edmund
  3581 | D:6      | Killed Edmund
  3687 | D:6      | Reached ** piety under Okawaru
  3696 | D:6      | Found a glowing drain.
  3708 | Sewer    | Entered a sewer
  3777 | Sewer    | Noticed Pargi
  3782 | Sewer    | Killed Pargi
  4089 | D:6      | Reached XP level 9. HP: 84/84 MP: 10/10
  4173 | D:6      | Found Avug's Lightly-Used Armoury.
  4178 | D:6      | Bought a -2 demon whip for 55 gold pieces
  4334 | D:6      | Reached *** piety under Okawaru
  4335 | D:6      | Reached skill level 10 in Fighting
  4335 | D:6      | Reached skill level 10 in Maces & Flails
  4787 | D:7      | Reached skill level 5 in Armour
  5067 | D:7      | Noticed Menkaure
  5070 | D:7      | Killed Menkaure
  5725 | D:8      | Found a staircase to the Lair.
  5968 | D:8      | Reached **** piety under Okawaru
  6141 | D:8      | Noticed Maurice
  6157 | D:8      | Killed Maurice
  6158 | D:8      | Reached XP level 10. HP: 96/96 MP: 11/11
  6542 | D:8      | Noticed Erica
  6545 | D:8      | Killed Erica
  6702 | D:9      | Noticed a two-headed ogre
  6710 | D:9      | Killed a two-headed ogre
  6710 | D:9      | Reached ***** piety under Okawaru
  6745 | D:9      | Noticed a boulder beetle
  6761 | D:9      | Noticed a cyclops
  6778 | D:8      | Slain by a boulder beetle

Illustrated notes

Levels and vault maps discovered:
D:1:      lemuel_arrival_broad_hall, layout_basic
D:2:      layout_rooms, basic_altar, uniq_terence
D:3:      layout_rooms, shapermc_ecumenical_altar_ellora, grunt_ministairs_1,
          minmay_puff, uniq_robin
D:4:      layout_cave_pools, okawaru_trees_1
D:5:      layout_rooms, minmay_temple_entry_poolview
D:6:      layout_loops_ring, cheibrodos_sewer_entry_bend,
          nicolae_elemental_shop, minmay_shop_damaged, lemuel_old_faithful,
          uniq_edmund
D:7:      layout_basic, minivault_19, nicolae_underground_beach, uniq_menkaure
D:8:      layout_loops_cross, lair_entry_dummy, serial_co_window_serial,
          co_window_corner_a, co_window_paths_b, co_window_paths_a,
          co_window_of_opportunity_a, co_window_paths_b, co_window_broadway_a,
          co_window_cross_4, co_window_corner_b, co_window_4corner_b,
          co_window_sun, glass_columns_a, glass_columns_c, eino_curves_02,
          uniq_erica, uniq_maurice
D:9:      minmay_the_grid_triangle_9x9_recursive_2_mashed
          [minmay_the_grid_triangle_9x9_prize_schism,
          minmay_the_grid_triangle_9x9_steps,
          minmay_the_grid_triangle_9x9_wacky_v,
          minmay_the_grid_triangle_9x9_longest], layout_loops_cross,
          serial_shops, nicolae_shop_bloodbath_and_beyond, uniq_maggie

Skill      XL: |  1  2  3  4  5  6  7  8  9 10 |
---------------+-------------------------------+-----
Dodging        | 1 2 3 4 |  4.7
Armour         | 4 6 |  6.6
Shields        | 4 |  4.0
Fighting       | 4 5 6 7 9 11 12 | 12.0
Maces & Flails | 3 4 5 6 7 9 11 12 | 12.0
Invocations    | 3 |  3.7

Action                   |  1- 3 |  4- 6 |  7- 9 | 10-12 || total
-------------------------+-------+-------+-------+-------++-------
Melee: Flail             |    79 |   160 |   171 |       ||   410
       Headbutt          |    11 |    31 |    57 |    14 ||   113
       Demon whip        |       |       |   169 |    39 ||   208
  Use: Scroll            |       |     2 |    16 |       ||    18
Armor: Scale mail        |    40 |    77 |    75 |       ||   192
       Plate armour      |       |       |    56 |    12 ||    68
Dodge: Dodged            |    31 |    85 |   101 |     8 ||   225
Block: Buckler           |    21 |    28 |    47 |     7 ||   103

Table legend: (Time is in decaauts)
 A = Elapsed time spent in this place.
 B = Non-inter-level travel time spent in this place.
 C = Inter-level travel time spent in this place.
 D = Time resting spent in this place.
 E = Time spent auto-exploring this place.
 F = Levels seen in this place.
 G = Mean time per level.
                   A        B        C        D        E       F      G
               +--------+--------+--------+--------+--------+-----+--------+
         Total |   6765 |   6540 |    225 |    477 |   4470 |  10 |  676.5 |
       Dungeon |   6588 |   6363 |    225 |    477 |   4377 |   9 |  732.0 |
         Sewer |    176 |    176 |      0 |      0 |     93 |   1 |  176.0 |
               +--------+--------+--------+--------+--------+-----+--------+

Top non-repeatable levels by time:
     D:8: 1109 daAuts
     D:7: 960 daAuts
     D:1: 903 daAuts
     D:2: 870 daAuts
     D:6: 785 daAuts
     D:3: 701 daAuts
     D:5: 626 daAuts
     D:4: 577 daAuts
   Sewer: 176 daAuts
     D:9: 55 daAuts
